 Dungeon Crawl Stone Soup version 0.31-a0-343-g456c268693 (webtiles) character file.

Game seed: 6635884262724876497

707 Essalna the Gusty (level 7, -1/44 HPs)
             Began as a Tengu Air Elementalist on July 21, 2023.
             Slain by a sky beast (5 damage)
             ... on level 6 of the Dungeon.
             The game lasted 00:09:41 (4305 turns).

Essalna the Gusty (Tengu Air Elementalist)          Turns: 4305, Time: 00:09:41

Health: -1/44      AC:  3    Str:  8    XL:     7   Next: 67%
Magic:  3/11       EV: 14    Int: 17    God:
Gold:   163        SH:  0    Dex: 15    Spells: 4/10 levels left

rFire   + . .        (no weapon)
rCold   . . .        (no shield)
rNeg    . . .        a - +0 robe
rPois   .            (helmet restricted)
rElec   .            f - +0 cloak
rCorr   .            (no gloves)
SInv    .            (boots unavailable)
Will    .....        (no amulet)
Stlth   ++           g - ring of protection from fire
HPRegen 0.27/turn    (no ring)
MPRegen 0.12/turn

%: no passive effects
@: flying quickly and evasively, quick
A: beak, talons 3, nimble flight
a: no special abilities


You were on level 6 of the Dungeon.
You visited 1 branch of the dungeon, and saw 6 of its levels.

You collected 163 gold pieces.

Inventory:

Armour
 a - a +0 robe (worn)
 f - a +0 cloak (worn)
Jewellery
 g - a ring of protection from fire (left hand)
Wands
 l - a wand of mindburst (14)
 m - a wand of flame (26)
 o - a wand of paralysis (5)
Scrolls
 d - 3 scrolls of fear
 n - a scroll of silence
Potions
 b - a potion of enlightenment
 h - a potion of degeneration {unknown}
 j - 2 potions of might {unknown}
 k - a potion of lignification {unknown}


   Skills:
 + Level 4.5 Fighting
 - Level 2.1 Dodging
 - Level 2.0 Stealth
 - Level 2.0 Spellcasting
 + Level 6.2 Conjurations
 + Level 7.3 Air Magic


You had 4 spell levels left.
You knew the following spells:

 Your Spells              Type           Power      Damage    Failure   Level
a - Shock                 Conj/Air       96%        1d9       1%          1
b - Searing Ray           Conj           44%        2d6       2%          2
c - Swiftness             Air            26%        N/A       3%          3

Your spell library contained the following spells:

 Spells                   Type           Power      Damage    Failure   Level
 Magic Dart               Conj           88%        1d7       1%          1
 Static Discharge         Conj/Air       48%        2-4/arc   1%          2
 Airstrike                Air            13%        2d(2-18)  10%         4
 Stone Arrow              Conj/Erth      24%        3d8       16%         3
 Sandblast                Erth           2%         2d4       19%         1
 Passwall                 Tmut/Erth      0%         N/A       28%         2
 Sublimation of Blood     Necr           1%         N/A       28%         2
 Wereblood                Tmut           1%         N/A       28%         2
 Fulminant Prism          Conj/Hex       6%         3d7       47%         4
 Iskenderun's Mystic Bla  Conj/Tloc      12%        2d5       47%         4
 Portal Projectile        Hex/Tloc       2%         N/A       50%         3
 Tukima's Dance           Hex            1%         N/A       50%         3
 Summon Forest            Summ/Tloc      0%         N/A       99%         5
 Eringya's Noxious Bog    Tmut/Pois      0%         4d6       100%        6
 Summon Hydra             Summ           0%         N/A       100%        7


Dungeon Overview and Level Annotations

Branches:
Dungeon (7/15)
 Temple: D:4-7

Altars:
Kikubaaqudgha


Innate Abilities, Weirdness & Mutations

You have a beak for a mouth.
You have claws for feet.
Your magical nature lets you fly swiftly and evasively.


Message History

The zap misses the white imp.
Casting: Shock (safe; 1% risk of failure)
Confirm with . or Enter, or press ? or * to list all spells.
Aiming: Shock (safe; 1% risk of failure)
Press: ? - help, Shift-Dir - straight line, f/p - white imp
Aim: a white imp (severely wounded, 74% to hit)
The zap hits the white imp.
You kill the white imp!
Casting: Shock (safe; 1% risk of failure)
Confirm with . or Enter, or press ? or * to list all spells.
You can't see any susceptible monsters within range! (Use Z to cast anyway.) Unknown command.
A sky beast is nearby!
Casting: Shock (safe; 1% risk of failure)
Confirm with . or Enter, or press ? or * to list all spells.
Aiming: Searing Ray (safe; 2% risk of failure)
Press: ? - help, Shift-Dir - straight line, f - sky beast
Aim: a sky beast (69% to hit)
The searing ray hits the sky beast!
The sky beast is moderately wounded. (Press . to maintain the ray.)
The searing ray hits the sky beast.
The sky beast is heavily wounded.
The sky beast flickers out of sight!
Deactivating autopickup; reactivate with Ctrl-A.
Something hits you. Something shocks you.
You finish channelling your searing ray.
Something hits you. Something shocks you.
You closely miss something. You peck something.
Something completely misses you.
You hit something but do no damage. Something hits you. Something shocks you.
* * * LOW HITPOINT WARNING * * *
You miss something. Your kick misses something. Something hits you.
* * * LOW HITPOINT WARNING * * *
Something shocks you.
* * * LOW HITPOINT WARNING * * *
Something hits you.
* * * LOW HITPOINT WARNING * * *
Something shocks you.
You die...

#...# #...
#...#
##...
#...#
$⌠(.#
#...#
#...#
.!..#
#....
#...#
....#
#...#
#...#
"...#
##.##
#...##..[#
##...
#....#...#
#.g..
##@..#...#
#...g
#.{....#
###..
#......#
#..
#⌠..####
#.. #####
####h.
#.....
####...
##.>....
#.......


There were no monsters in sight!

Vanquished Creatures
  Sigmund (D:2)
  Duvessa (D:4)
  A sky beast (D:6)
  Dowan (D:4)
  A howler monkey (D:6)
  A jelly (D:6)
  Crazy Yiuf (D:2)
  A gnoll bouda (D:6)
  A sleepcap (D:6)
  Ijyb (D:3)
  An adder (D:2)
  3 gnolls
  A shadow imp (D:3)
  A white imp (D:6)
  A worm (D:2)
  2 dart slugs (D:2)
  13 orcs
  5 ball pythons
  8 bats
  7 endoplasms
  A giant cockroach (D:1)
  4 goblins
  4 hobgoblins
  3 jackals (D:3)
  2 kobolds
  3 quokkas
  2 frilled lizards (D:2)
  3 rats
74 creatures vanquished.

Notes
Turn   | Place    | Note
-------+----------+-------------------------------------------
     0 | D:1      | Essalna the Tengu Air Elementalist began the quest for the
                  | Orb.
     0 | D:1      | Reached XP level 1. HP: 10/10 MP: 4/4
   244 | D:1      | Reached XP level 2. HP: 16/16 MP: 3/6
   312 | D:1      | Learned a level 2 spell: Searing Ray
   592 | D:1      | Reached skill level 1 in Fighting
  1116 | D:2      | Reached XP level 3. HP: 20/20 MP: 5/7
  1433 | D:2      | Found a runed translucent door.
  1434 | D:2      | Noticed Crazy Yiuf
  1823 | D:2      | Noticed Sigmund
  1834 | D:2      | Killed Sigmund
  1835 | D:2      | Reached skill level 5 in Air Magic
  1835 | D:2      | Reached XP level 4. HP: 24/28 MP: 4/8
  1835 | D:2      | Gained mutation: Your magical nature lets you fly swiftly
                  | and evasively. [Tengu growth]
  1835 | D:2      | Reached XP level 5. HP: 28/32 MP: 4/9
  2177 | D:2      | Learned a level 3 spell: Swiftness
  2201 | D:2      | Killed Crazy Yiuf
  2202 | D:2      | Reached XP level 6. HP: 16/37 MP: 8/10
  2413 | D:3      | Noticed Ijyb
  2518 | D:3      | Reached skill level 6 in Air Magic
  2741 | D:3      | Found an ancient bone altar of Kikubaaqudgha.
  3240 | D:4      | Noticed Duvessa
  3254 | D:4      | Killed Duvessa
  3254 | D:4      | Noticed Dowan
  3255 | D:4      | Reached skill level 5 in Conjurations
  3337 | D:4      | Killed Dowan
  3480 | D:3      | Killed Ijyb
  3481 | D:3      | Reached XP level 7. HP: 42/42 MP: 4/11
  3659 | D:4      | You are sucked into a shaft and drop 2 floors!
  3891 | D:7      | Reached skill level 7 in Air Magic
  3906 | D:6      | HP: 2/43 [poisoned by a kobold brigand]
  4305 | D:6      | Slain by a sky beast

Illustrated notes

Levels and vault maps discovered:
D:1:      minmay_arrival_nine_rooms, layout_basic, grunt_decor_arrowhead
D:2:      layout_basic, uniq_crazy_yiuf_cottage, uniq_sigmund
D:3:      layout_basic, mainiacjoe_overflow_chevrons, uniq_ijyb
D:4:      layout_cave_pools, uniq_duvessa
D:6:      kennysheep_spiral_hall, layout_loops_ring,
          pdpol_wu_jian_five_deadly_venoms, okawaru_ov_weapons_minmay,
          nicolae_shop_fire_sale [nicolae_sub_dead_trees], uniq_grinder,
          uniq_pikel, uniq_menkaure
D:7:      layout_basic, lemuel_coloured_pillars_altar,
          minmay_temple_entry_butterflies, uniq_joseph, uniq_prince_ribbit1

Skill      XL: |  1  2  3  4  5  6  7 |
---------------+----------------------+-----
Conjurations   | 2 4 5 6 |  6.2
Fighting       | 1 3 4 |  4.5
Air Magic      | 5 6 7 |  7.3
Dodging        | |  2.1
Stealth        | |  2.0
Spellcasting   | |  2.0

Action                     |  1- 3 |  4- 6 |  7- 9 || total
---------------------------+-------+-------+-------++-------
  Melee: Unarmed           |    21 |     7 |    23 ||    51
         Kick              |     9 |     1 |     7 ||    17
         Peck              |     2 |     2 |    10 ||    14
   Cast: Shock             |    67 |    43 |    38 ||   148
         Searing Ray       |     1 |     9 |     5 ||    15
  Evoke: Wand              |       |       |     2 ||     2
    Use: Scroll            |     5 |     3 |     1 ||     9
         Potion            |     1 |     1 |     3 ||     5
 Armour: Robe              |     1 |     3 |     1 ||     5
  Dodge: Dodged            |    12 |    13 |    21 ||    46

Table legend: (Time is in decaauts)
 A = Elapsed time spent in this place.
 B = Non-inter-level travel time spent in this place.
 C = Inter-level travel time spent in this place.
 D = Time resting spent in this place.
 E = Time spent auto-exploring this place.
 F = Levels seen in this place.
 G = Mean time per level.
                   A        B        C        D        E       F      G
               +--------+--------+--------+--------+--------+-----+--------+
         Total |   4155 |   3876 |    279 |     72 |   3297 |   6 |  692.5 |
       Dungeon |   4155 |   3876 |    279 |     72 |   3297 |   6 |  692.5 |
               +--------+--------+--------+--------+--------+-----+--------+

Top non-repeatable levels by time:
     D:2: 1408 daAuts
     D:3: 1155 daAuts
     D:1: 817 daAuts
     D:6: 583 daAuts
     D:4: 166 daAuts
     D:7: 23 daAuts
